 Dungeon Crawl Stone Soup version 0.20.0-15-g7f486f2 (webtiles) character file.

1308 straycat the Covert (level 8, -2/62 HPs)
             Began as a Vampire Fighter on June 21, 2017.
             Slain by Mellonil's ghost (10 damage)
             ... on level 6 of the Dungeon.
             The game lasted 00:21:41 (4757 turns).

straycat the Covert (Vampire Fighter)               Turns: 4757, Time: 00:21:41

Health: -2/62      AC:  9    Str: 16    XL:     8   Next: 32%
Magic:  8/8        EV: 19    Int: 10    God:
Gold:   168        SH:  0    Dex: 18    Spells: 7/7 levels left

rFire    . . .     SeeInvis +   J - +9 hand axe "Onoesk" {freeze, rN++ Dex+3}
rCold    . . .     Gourm    .   (no shield)
rNeg     + + +     Faith    .   b - +0 scale mail
rPois    .         Spirit   .   m - +2 hat
rElec    .         Reflect  .   (no cloak)
rCorr    .         Harm     .   D - +0 pair of gloves
MR       .....                  (no boots)
Stlth    +++.......             z - amulet of magic regeneration
Regen    0.2/turn               A - +5 ring of evasion
MPRegen  0.2/turn               f - ring of flight

@: no status effects
A: fangs 3, see invisible, unbreathing
a: Bat Form, Evoke Flight


You were on level 6 of the Dungeon.
You were not thirsty.

You visited 1 branch of the dungeon, and saw 6 of its levels.

You collected 168 gold pieces.

Inventory:

Hand Weapons
 a - a +0 rapier
 o - a +0 long sword
 s - a +0 hunting sling
 x - a +0 blowgun
 C - a +1 quarterstaff of protection
 I - a +0 scythe
 J - the +9 hand axe "Onoesk" (weapon) {freeze, rN++ Dex+3}
   (You found it on level 5 of the Dungeon)

   It has been specially enchanted to freeze those struck by it, causing extra
   injury to most foes and up to half again as much damage against particularly
   susceptible opponents.
   It can also slow down cold-blooded creatures.
   It affects your dexterity (+3).
   It greatly protects you from negative energy.
Missiles
 n - 263 stones (quivered)
 r - 44 bolts
 t - 43 arrows
 v - 19 sling bullets
 w - 6 needles of sleeping
 y - 14 poisoned needles
Armour
 b - a +0 scale mail (worn)
 c - a +0 shield
 j - a +0 large shield
 m - a +2 hat (worn)
 D - a +0 pair of gloves (worn)
Jewellery
 f - a ring of flight (right hand)
 z - an amulet of magic regeneration (around neck)
 A - a +5 ring of evasion (left hand)
 F - an uncursed ring of magical power {unknown}
Wands
 H - a wand of random effects (21/48)
 K - a wand of digging (12/24)
Scrolls
 i - a scroll of teleportation
 k - 5 scrolls of remove curse
 q - a scroll of random uselessness {unknown}
Potions
 d - 2 potions of might
 e - 10 potions of blood
 g - a potion of mutation {unknown}
 h - a potion of curing
 l - 4 potions of flight {unknown}
 p - 2 potions of ambrosia
 B - a potion of degeneration {unknown}
 E - a potion of resistance {unknown}
 G - a potion of brilliance {unknown}
Books
 u - a book of Changes

   Spells                             Type                      Level
   a - Beastly Appendage              Transmutation                1
   b - Sticks to Snakes               Transmutation                2
   c - Spider Form                    Transmutation/Poison         3
   d - Ice Form                       Ice/Transmutation            4
   e - Blade Hands                    Transmutation                5


   Skills:
 + Level 5.3 Fighting
 - Level 2.1 Short Blades
 - Level 2.4 Armour
 * Level 7.5 Dodging
 + Level 8.0 Stealth
 - Level 2.6 Shields


You had 7 spell levels left.
You didn't know any spells.

Dungeon Overview and Level Annotations

Branches:
Dungeon (6/15)
 Temple: D:4-7

Altars:
Gozag
Nemelex Xobeh
Ru
Vehumet
Zin
The Shining One

Shops:
D:2 *

Annotations:
D:6 Mellonil's ghost, novice DrBe


Innate Abilities, Weirdness & Mutations

You have razor-sharp teeth.
You have supernaturally acute eyesight. (SInv)
You can survive without breathing.


Message History

You hit Mellonil's ghost. You freeze Mellonil's ghost.
Your bite misses Mellonil's ghost.
Mellonil's ghost is severely damaged.
Mellonil's ghost closely misses you. Mellonil's ghost barely misses you.
You completely miss Mellonil's ghost.
Mellonil's ghost is severely damaged.
Mellonil's ghost hits you.
You closely miss Mellonil's ghost.
Mellonil's ghost is severely damaged.
Mellonil's ghost hits you!
You closely miss Mellonil's ghost.
You bite Mellonil's ghost, but do no damage.
Mellonil's ghost is severely damaged.
Mellonil's ghost hits you! Mellonil's ghost hits you!
* * * LOW HITPOINT WARNING * * *
You hit Mellonil's ghost but do no damage.
Mellonil's ghost is severely damaged.
Mellonil's ghost hits you!
You die...

####.#.#
#......#
#..###.#
#....#..###
#...###...#
#..#.#....#
#.........##
#...#.##....##
## ..# #...@.#
.>.....##W##
##.#######)# #
... .....
.......
#.[.....#
#.......#
#.......#


You could see Mellonil's ghost.

Vanquished Creatures
  Sigmund (D:4)
  The ghost of greprep the Grave Robber, an amateur DENe (D:5)
  2 phantoms
  A bullfrog (D:5)
  A scorpion (D:5)
  3 wights (D:6)
  2 howler monkeys (D:4)
  A bullfrog zombie (D:5)
  2 crimson imps
  A hound (D:4)
  2 orc priests (D:6)
  A gnoll shaman (D:5)
  3 worker ants
  6 adders
  7 gnolls (D:5)
  A shadow imp (D:5)
  An adder zombie (D:5)
  An adder skeleton (D:4)
  3 worms
  2 leopard geckos
  3 orcs (D:6)
  3 bats
  4 giant cockroaches
  2 hobgoblins
  7 jackals
  3 quokkas
  5 frilled lizards
  6 goblins
  5 goblin zombies (D:4)
  4 hobgoblin zombies (D:4)
  9 kobolds
  A kobold zombie (D:4)
  An orc skeleton (D:4)
  An orc zombie (D:4)
  A quokka skeleton (D:4)
  10 rats
107 creatures vanquished.

Notes
Turn   | Place    | Note
-------+----------+-------------------------------------------
     0 | D:1      | straycat the Vampire Fighter began the quest for the Orb.
     0 | D:1      | Reached XP level 1. HP: 17/17 MP: 1/1
   175 | D:1      | Reached skill level 1 in Stealth
   220 | D:1      | Reached XP level 2. HP: 23/23 MP: 2/2
   254 | D:1      | Reached skill level 1 in Dodging
   588 | D:1      | Reached skill level 2 in Stealth
  1026 | D:2      | Reached skill level 3 in Stealth
  1047 | D:2      | Reached XP level 3. HP: 25/28 MP: 3/3
  1420 | D:2      | Found a radiant altar of Vehumet.
  1468 | D:2      | Found Zin's Purification Station.
  1472 | D:2      | Found a glowing silver altar of Zin.
  1895 | D:2      | Reached XP level 4. HP: 30/35 MP: 4/4
  2072 | D:3      | Found an opulent altar of Gozag.
  2072 | D:3      | Found a sparkling altar of Nemelex Xobeh.
  2784 | D:4      | Found a glowing golden altar of the Shining One.
  2841 | D:4      | Reached skill level 4 in Stealth
  2841 | D:4      | Reached XP level 5. HP: 28/41 MP: 5/5
  3032 | D:4      | Noticed a phantom
  3078 | D:4      | Killed a phantom
  3078 | D:4      | Reached skill level 5 in Stealth
  3078 | D:4      | Reached XP level 6. HP: 10/48 MP: 6/6
  3091 | D:4      | Noticed Sigmund
  3599 | D:4      | Killed Sigmund
  3599 | D:4      | Reached skill level 5 in Dodging
  3661 | D:4      | Reached XP level 7. HP: 48/54 MP: 7/7
  3750 | D:5      | Entered Level 5 of the Dungeon
  3754 | D:5      | Got a shimmering hand axe
  3766 | D:5      | Reached skill level 6 in Stealth
  3948 | D:5      | Found a sacrificial altar of Ru.
  3953 | D:5      | Noticed greprep's ghost (amateur DENe)
  4144 | D:5      | Killed greprep's ghost
  4144 | D:5      | Reached skill level 7 in Stealth
  4161 | D:5      | Identified the +9 hand axe "Onoesk" {freeze, rN++ Dex+3} (You found it on level 5 of the Dungeon)
  4288 | D:5      | Reached skill level 5 in Fighting
  4288 | D:5      | Reached XP level 8. HP: 45/62 MP: 8/8
  4729 | D:6      | Noticed Mellonil's ghost (novice DrBe)
  4747 | D:6      | Reached skill level 8 in Stealth
  4757 | D:6      | Slain by Mellonil's ghost

Skill      XL: |  1  2  3  4  5  6  7  8 |
---------------+-------------------------+-----
Stealth        | 1 3 4 5 7 8 |  8.0
Dodging        | 1 2 3 4 5 6 7 |  7.5
Fighting       | 3 4 5 |  5.3
Short Blades   | |  2.1
Armour         | |  2.4
Shields        | |  2.6

Action                   |  1- 3 |  4- 6 |  7- 9 || total
-------------------------+-------+-------+-------++-------
Melee: Rapier            |   137 |   154 |    84 ||   375
       Bite              |    12 |    20 |    15 ||    47
       Long sword        |       |    23 |       ||    23
       Hand axe          |       |       |    45 ||    45
 Fire: Blowgun           |       |     2 |     5 ||     7
 Abil: End Transformatio |       |     1 |       ||     1
       Bat Form          |       |     1 |       ||     1
  Use: Potion            |     2 |     9 |       ||    11
       Scroll            |       |     7 |     2 ||     9
 Stab: Sleeping          |     1 |     4 |     4 ||     9
       Distracted        |     1 |       |       ||     1
  Eat: Corpse            |       |     1 |     1 ||     2
Armor: Scale mail        |    53 |    61 |    24 ||   138
Dodge: Dodged            |    66 |   117 |   100 ||   283
       Rpst.: Long sword |       |     4 |       ||     4
